 Dungeon Crawl Stone Soup version 0.23-a0-612-gcb482e9 (webtiles) character file.

69 Lanoc the Caller (level 4, 0/39 HPs)
             Began as an Ogre Summoner on Dec 22, 2018.
             Succumbed to Sigmund's poison
             ... on level 3 of the Dungeon.
             The game lasted 00:10:09 (2244 turns).

Lanoc the Caller (Ogre Summoner)                    Turns: 2244, Time: 00:10:10

Health: 0/39       AC:  3    Str: 12    XL:     4   Next: 20%
Magic:  1/9        EV: 10    Int: 17    God:
Gold:   88         SH:  0    Dex:  9    Spells: 5/9 levels left

rFire    . . .     SeeInvis .   o - staff of air
rCold    . . .     Gourm    .   (no shield)
rNeg     . . .     Faith    .   a - +0 robe
rPois    .         Spirit   .   (helmet restricted)
rElec    +         Reflect  .   (no cloak)
rCorr    .         Harm     .   (gloves unavailable)
MR       .....                  (boots unavailable)
Stlth    +.........             (no amulet)
HPRegen  0.13/turn              (no ring)
MPRegen  0.11/turn              (no ring)

@: lethally poisoned (0 -> -10)
A: large, unfitting armour, tough skin 1
a: no special abilities


You were on level 3 of the Dungeon.
You were not hungry.

You visited 1 branch of the dungeon, and saw 3 of its levels.

You collected 88 gold pieces.

Inventory:

Hand Weapons
 f - a +0 club
 j - a +0 vampiric dagger
Armour
 a - a +0 robe (worn)
Magical Staves
 o - an uncursed staff of air (weapon)
Scrolls
 h - 3 scrolls of remove curse {unknown}
 i - a scroll of fear {unknown}
 k - a scroll of fog {unknown}
 m - a scroll of identify {unknown}
Potions
 g - a potion of lignification
Comestibles
 c - a ration
 n - 2 chunks of flesh


   Skills:
 + Level 2.6 Dodging
 - Level 1.4 Stealth
 + Level 3.4 Spellcasting
 + Level 4.2 Summonings


You had 5 spell levels left.
You knew the following spells:

 Your Spells              Type           Power        Failure   Level  Hunger
a - Summon Small Mammal   Summ           ###.         3%          1    None
b - Call Canine Familiar  Summ           ###.....     9%          3    ###....

Your spell library contained the following spells:

 Spells                   Type           Power        Failure   Level  Hunger
 Call Imp                 Summ           ###.....     4%          2    ##.....
 Summon Guardian Golem    Hex/Summ       ##......     22%         3    ###....
 Summon Ice Beast         Ice/Summ       ##......     56%         4    ####...
 Summon Lightning Spire   Summ/Air       ###.....     56%         4    ####...


Dungeon Overview and Level Annotations

Branches:
Dungeon (3/15)

Altars:
Ashenzari
Fedhas
Gozag
Makhleb
Trog
Xom
The Shining One

Annotations:
D:3 2 transporters, 3 runed doors, Sigmund; kirsanium's ghost, amateur OpWn


Innate Abilities, Weirdness & Mutations

You are too large for most types of armour.
You have tough skin. (AC +1)


Message History

Casting: Call Canine Familiar (safe; 9% risk of failure)
Confirm with . or Enter, or press ? or * to list all spells.
You don't have enough magic to cast that spell.
You feel less wooden.
Your +0 robe unmelds from your body.
You feel sick. Sigmund gestures at you while chanting.
The puff of flame hits you!
* * * LOW HITPOINT WARNING * * *
You swap places.
* * * LOW HITPOINT WARNING * * *
You feel sick. Sigmund casts a spell at you. The magic dart hits your quokka.
Your quokka dies!
Your quokka's corpse disappears in a puff of smoke!
You swap places.
You feel a little less agile now.
* * * LOW HITPOINT WARNING * * *
You feel sick.
You die...

##..##.8∩##
#.(..# # ##.###
### ##.#.# ##.#
#.#.###### ##.#
#.#.#....# ##.#
#.#.#h##.# .#.#
#@#......# )#.#
#h#...#### ...#
..#######b#.###
#..#
.......@.$#<#
..>#
..###########
####


You could see a friendly bat.

Vanquished Creatures
  A dart slug (D:3)
  2 orcs (D:3)
  A ball python (D:1)
  2 giant cockroaches
  A hobgoblin (D:2)
  A kobold (D:3)
  2 goblins (D:3)
  2 rats (D:2)
12 creatures vanquished.

Vanquished Creatures (collateral kills)
  5 adders
  2 dart slugs
  A leopard gecko (D:1)
  3 bats
  2 giant cockroaches
  2 goblins (D:1)
  7 hobgoblins
  3 kobolds
  A quokka (D:2)
  2 frilled lizards
  2 rats (D:1)
30 creatures vanquished.

Grand Total: 42 creatures vanquished

Notes
Turn   | Place    | Note
-------+----------+-------------------------------------------
     0 | D:1      | Lanoc the Ogre Summoner began the quest for the Orb.
     0 | D:1      | Reached XP level 1. HP: 16/16 MP: 3/3
   509 | D:1      | Reached XP level 2. HP: 24/24 MP: 0/5
   968 | D:2      | Found a bloodstained altar of Trog.
  1082 | D:2      | Reached XP level 3. HP: 16/31 MP: 2/7
  1087 | D:2      | Learned a level 3 spell: Call Canine Familiar
  1128 | D:2      | Reached skill level 4 in Summonings
  1573 | D:2      | Found a burning altar of Makhleb.
  1951 | D:3      | Found a transporter.
  1966 | D:3      | Found a transporter.
  1993 | D:3      | Reached XP level 4. HP: 35/39 MP: 8/8
  2026 | D:3      | Found a runed gate.
  2026 | D:3      | Found a runed gate.
  2026 | D:3      | Found an opulent altar of Gozag.
  2027 | D:3      | Found a runed gate.
  2029 | D:3      | Noticed kirsanium's ghost (amateur OpWn)
  2029 | D:3      | Noticed a hungry ghost
  2086 | D:3      | Found a shattered altar of Ashenzari.
  2089 | D:3      | Found a glowing golden altar of the Shining One.
  2089 | D:3      | Found a blossoming altar of Fedhas.
  2096 | D:3      | Found a shimmering altar of Xom.
  2173 | D:3      | Noticed Sigmund
  2243 | D:3      | HP: 1/39 [poisoned by Sigmund]
  2244 | D:3      | Succumbed to Sigmund's poison

Vault maps used:
D:1:      saegor_arrival_simple_e, kennysheep_small_spiral,
          minmay_misc_feat_rugged
D:2:      bloody_trog, lightli_temple_of_fire, first_ration,
          kennysheep_flooded_box
D:3:      gammafunk_steamed_eel, chequers_temple_overflow_statue_of_worship,
          ebering_ghost_gozag, nemelex_altar_shiori, uniq_sigmund

Skill      XL: |  1  2  3 |
---------------+----------+-----
Dodging        | 2 |  2.6
Spellcasting   | 3 |  3.4
Summonings     | 4 |  4.2
Stealth        | |  1.4

Action                   |  1- 3 |  4- 6 || total
-------------------------+-------+-------++-------
Melee: Unarmed           |    97 |       ||    97
       Dagger            |    35 |    23 ||    58
 Cast: Summon Small Mamm |    36 |     6 ||    42
       Call Canine Famil |     5 |     5 ||    10
  Use: Potion            |       |     5 ||     5
 Stab: Sleeping          |     2 |       ||     2
  Eat: Chunk             |     2 |     1 ||     3
       Ration            |     2 |       ||     2
Armor: Robe              |    74 |    12 ||    86
       Skin              |       |    10 ||    10
Dodge: Dodged            |    80 |    22 ||   102

Table legend:
 A = Non-vault XP
 B = Vault XP
 C = Vault XP percentage of total XP
 D = Non-vault monster count
 E = Vault monster count
 F = Vault count percentage of total count
                 A         B        C        D         E       F
            +---------+---------+-------+---------+---------+-------
      Total |      99 |       0 |   0.0 |      42 |       0 |   0.0
            +---------+---------+-------+---------+---------+-------
        D:1 |      22 |       0 |   0.0 |      17 |       0 |   0.0
        D:2 |      32 |       0 |   0.0 |      13 |       0 |   0.0
        D:3 |      45 |       0 |   0.0 |      12 |       0 |   0.0
            +---------+---------+-------+---------+---------+-------
